Map: Blueshift LE

Players

Denver - Winner!

  • Race: Zerg Zerg
  • Spawn Location: 1:00

LiquidTLO (TLO)

  • Race: Zerg Zerg
  • Spawn Location: 7:00

Event: WCS Montreal 2018

VOD

Have the link to the VOD?

Description

Time

  • Played on: Sept. 7, 2018, 5:05 p.m.
  • Length: 7:20

All games in this series

Show
View Real Time Build Order
Export as new Build Order

Denver Zerg - Winner!

Build Orders: Pool First 

Get SALT Encoding   

  12  0:00  Drone  
  13  0:13  Overlord  
  13  0:17  Drone  
  14  0:31  Drone x2  
  17  0:35  Drone  
  17  0:45  Extractor  
  17  0:46  Spawning Pool  
  17  0:49  Drone  
  17  0:57  Drone  
  17  1:16  Hatchery  
  16  1:19  Drone  
  18  1:32  Zergling x2  
  18  1:33  Zergling x2  
  18  1:38  Queen  
  21  1:42  Zergling x2  
  22  1:48  Metabolic Boost  
  22  1:56  Overlord  
  22  2:13  Baneling Nest  
  22  2:14  Zergling x2  
  22  2:16  Zergling x2  
  22  2:20  Queen  
  25  2:24  Drone  
  26  2:35  Drone x2  
  27  2:42  Zergling x2  
  26  2:47  Zergling x2  
  26  2:48  Zergling x4  
  29  2:52  Zergling x4  
  31  2:58  Baneling x2  
  31  2:59  Baneling x2  
  31  3:02  Zergling x2  
  32  3:06  Zergling x2  
  32  3:11  Zergling x4  
  35  3:19  Overlord  
  35  3:21  Zergling x2  
  34  3:33  Baneling  
  32  3:34  Drone x4  
  32  3:41  Zergling x4  
  37  3:42  Baneling  
  34  3:48  Zergling x4  
  34  3:55  Zergling x2  
  37  4:00  Drone  
  37  4:01  Drone  
  39  4:08  Drone x4  
  39  4:09  Drone  
  44  4:14  Overlord  
  44  4:22  Overlord  
  44  4:24  Extractor  
  44  4:30  Roach Warren  
  42  4:35  Drone x3  
  45  4:46  Hatchery  
  45  4:52  Zergling x6  
  47  4:59  Zergling x6  
  49  5:03  Drone x2  
  49  5:04  Baneling x2  
  49  5:05  Baneling  
  49  5:06  Baneling  
  51  5:11  Drone x2  
  53  5:20  Zergling x2  
  53  5:21  Zergling x6  
  55  5:27  Zergling x6  
  56  5:33  Zergling x2  
  55  5:36  Zergling x2  
  55  5:37  Zergling x4  
  57  5:43  Zergling x4  
  57  5:46  Baneling x4  
  57  5:47  Overlord  
  57  5:49  Evolution Chamber  
  58  5:52  Zergling x2  
  58  5:53  Baneling x4  
  59  6:02  Roach x3  
  60  6:07  Roach x2  
  60  6:08  Roach  
  61  6:11  Roach  
  61  6:13  Roach  
  61  6:18  Zergling x2, Roach  
  67  6:19  Zergling x2  
  67  6:25  Zergling x6  
  72  6:30  Overlord  
  71  6:52  Roach  
  71  6:53  Roach x3  
  71  6:56  Zergling x10  
  71  6:57  Zergling x4  
Show
View Real Time Build Order
Export as new Build Order

LiquidTLO Zerg 

Build Orders: Pool First 

Get SALT Encoding   

  12  0:00  Drone  
  13  0:07  Drone  
  14  0:16  Overlord  
  14  0:34  Drone x2  
  16  0:39  Spawning Pool  
  15  0:43  Drone  
  15  0:46  Drone  
  17  0:56  Drone  
  18  1:12  Hatchery  
  17  1:21  Extractor  
  16  1:26  Zergling x4  
  16  1:28  Zergling x2  
  16  1:31  Queen  
  21  1:39  Overlord  
  21  1:50  Drone  
  22  2:04  Zergling x2  
  22  2:06  Queen  
  25  2:13  Zergling x2  
  26  2:22  Metabolic Boost  
  26  2:24  Zergling x2  
  26  2:27  Queen  
  29  2:32  Drone  
  29  2:34  Drone  
  29  2:38  Drone  
  29  2:40  Drone  
  31  2:47  Baneling Nest  
  31  2:51  Drone  
  30  2:56  Drone  
  31  3:00  Zergling x4  
  31  3:01  Zergling x2  
  34  3:07  Zergling x2  
  34  3:09  Overlord  
  35  3:15  Zergling x2  
  34  3:28  Zergling x4  
  34  3:32  Zergling x6  
  32  3:37  Baneling x2  
  31  3:42  Drone  
  31  3:45  Drone  
  32  3:48  Drone  
  32  3:51  Baneling  
  32  3:54  Drone  
  33  4:02  Drone  
  34  4:04  Drone, Queen  
  37  4:10  Drone  
  37  4:12  Drone  
  37  4:16  Queen  
  41  4:21  Drone  
  41  4:23  Overlord  
  41  4:30  Overlord  
  39  4:31  Zergling x2  
  39  4:35  Overlord  
  39  4:37  Drone  
  41  4:40  Drone  
  42  4:48  Drone  
  42  4:50  Extractor  
  42  4:51  Roach Warren  
  41  4:54  Drone  
  41  4:55  Drone  
  43  5:06  Baneling  
  43  5:11  Overlord  
  41  5:33  Roach  
  41  5:34  Roach x8  
  47  5:36  Roach  
  47  5:37  Roach  
  46  5:46  Roach  
  46  5:48  Roach  
  50  5:58  Zergling x2, Roach  
  53  6:07  Zergling x2  
  53  6:10  Zergling x4  
  53  6:12  Ravager  
  53  6:15  Ravager  
  55  6:22  Baneling x2  
  55  6:23  Zergling x2  
  55  6:25  Zergling x2  
  57  6:27  Zergling x2  
  57  6:31  Zergling x2  
  59  6:34  Zergling x2  
  59  6:36  Baneling  
  60  6:42  Baneling  
  60  6:43  Baneling  
  52  6:56  Roach  
  52  6:57  Zergling x4  
  52  6:58  Zergling x2  
Tags
 
Add a new tag
Caveats
  • Supply blocks, unpowered buildings, or Contaminate may cause inaccurate times.
  • Supply counts are checked every 10 seconds.